 Dungeon Crawl Stone Soup version 0.30-a0-918-g0ff054e9dc (webtiles) character file.

Game seed: 4489189539717628850

12 Iich the Trooper (level 2, -1/24 HPs)
             Began as a Demonspawn Fighter on Mar 20, 2023.
             Frozen to death by an endoplasm (4 damage)
             ... on level 1 of the Dungeon.
             The game lasted 00:00:19 (113 turns).

Iich the Trooper (Demonspawn Fighter)                Turns: 113, Time: 00:00:20

Health: -1/24      AC:  8    Str: 16    XL:     2   Next: 20%
Magic:  2/2        EV:  8    Int:  9    God:
Gold:   18         SH:  4    Dex: 12    Spells: 1/1 levels left

rFire   . . .      SeeInvis .    a - +0 war axe
rCold   . . .      Faith    .    c - +0 buckler
rNeg    . . .      Spirit   .    b - +0 scale mail
rPois   .          Reflect  .    (no helmet)
rElec   .          Rampage  .    e - +0 cloak
rCorr   .                        f - +0 pair of gloves
Will    .....                    (no boots) Stlth
                                 (no amulet)
HPRegen 0.24/turn                (no ring)
MPRegen 0.08/turn                (no ring)

@: no status effects
A: hooves 1
a: no special abilities


You were on level 1 of the Dungeon.
You visited 1 branch of the dungeon, and saw 1 of its levels.

You collected 18 gold pieces.

Inventory:

Hand Weapons
 a - a +0 war axe (weapon)
Armour
 b - a +0 scale mail (worn)
 c - a +0 buckler (worn)
 e - a +0 cloak (worn)
 f - a +0 pair of gloves (worn)
Potions
 d - a potion of might


   Skills:
 + Level 3.2 Fighting
 * Level 2.4 Axes
 - Level 2.6 Armour
 - Level 2.6 Shields


You had one spell level left.
You didn't know any spells.
Your spell library was empty.

Dungeon Overview and Level Annotations

Branches:
Dungeon (1/15)

Altars:


Innate Abilities, Weirdness & Mutations

You have large cloven feet.


Message History

You see here a jackal corpse.
You see here a +0 ring mail.
Things that are here:
a +0 short sword; 4 stones; a ball python corpse The endoplasm freezes you.
You are frozen.
You take 3 damage, and have 15/24 hp.
The endoplasm hits you but does no damage.
The endoplasm jiggles.
The endoplasm freezes you.
You are frozen.
You take 4 damage, and have 12/24 hp.
The endoplasm freezes you.
You are frozen.
You take 1 damage, and have 11/24 hp.
The endoplasm freezes you.
You are frozen.
* * * LOW HITPOINT WARNING * * *
The endoplasm freezes you.
You are frozen.
* * * LOW HITPOINT WARNING * * *
The endoplasm freezes you.
You are frozen.
* * * LOW HITPOINT WARNING * * *
The endoplasm hits you but does no damage.
You take 7 damage, and have 4/24 hp. !!!!--MASSIVE DAMAGE--!!!!
The endoplasm barely misses you. The endoplasm barely misses you.
The endoplasm freezes you.
You are frozen.
* * * LOW HITPOINT WARNING * * *
You take 1 damage, and have 4/24 hp.
The endoplasm hits you.
* * * LOW HITPOINT WARNING * * *
You take 2 damage, and have 2/24 hp.
The endoplasm closely misses you. The endoplasm closely misses you.
The endoplasm freezes you.
You are frozen.
You die...

#..## ##...#
#.J.##..#.#
#....†...# #†..#
#[.## # #)## #.
#.# #.########J#
#.........@#
#########..#######
#8##8##8#..#
...........#
...........#
...........#
...........#
...........#
#8##8##8#.##


You could see an endoplasm.

Vanquished Creatures
  An endoplasm (D:1)
  A hobgoblin (D:1)
  3 jackals (D:1)
  A kobold (D:1)
  A quokka (D:1)
  2 ball pythons (D:1)
  A rat (D:1)
10 creatures vanquished.

Notes
Turn   | Place    | Note
-------+----------+-------------------------------------------
     0 | D:1      | Iich the Demonspawn Fighter began the quest for the Orb.
     0 | D:1      | Reached XP level 1. HP: 18/18 MP: 1/1
    86 | D:1      | Discovered your monstrous ancestry.
    86 | D:1      | Gained mutation: You have large cloven feet. [demonic
                  | ancestry]
    86 | D:1      | Reached XP level 2. HP: 18/24 MP: 2/2
   113 | D:1      | Frozen to death by an endoplasm

Illustrated notes

Levels and vault maps discovered:
D:1:      psy_arrival_heroes, layout_basic, minmay_heptomino_w4

Skill      XL: |  1 |
---------------+----+-----
Axes           | 2 |  2.4
Fighting       | |  3.2
Armour         | |  2.6
Shields        | |  2.6

Action                     || total
---------------------------++-------
  Melee: War axe           ||    22
 Armour: Scale mail        ||    17
  Dodge: Dodged            ||    17
  Block: Buckler           ||     4

Table legend: (Time is in decaauts)
 A = Elapsed time spent in this place.
 B = Non-inter-level travel time spent in this place.
 C = Inter-level travel time spent in this place.
 D = Time resting spent in this place.
 E = Time spent auto-exploring this place.
 F = Levels seen in this place.
 G = Mean time per level.
                   A        B        C        D        E       F      G
               +--------+--------+--------+--------+--------+-----+--------+
         Total |    122 |    122 |      0 |      0 |     50 |   1 |  122.0 |
       Dungeon |    122 |    122 |      0 |      0 |     50 |   1 |  122.0 |
               +--------+--------+--------+--------+--------+-----+--------+

Top non-repeatable levels by time:
     D:1: 122 daAuts
